Map: Dusk Towers

Players

Hindulaatti

  • Race: Terran Terran
  • League: Diamond

Food - Winner!

  • Race: Zerg Zerg
  • League: Diamond

VOD

Have the link to the VOD?

Description

Time

  • Played on: Jan. 26, 2016, 4:01 a.m.
  • Length: 6:49
Show
View Real Time Build Order
Export as new Build Order

Hindulaatti Terran 

Build Orders: Reaper Expand 

Get SALT Encoding   

  12  0:01  SCV  
  13  0:13  SCV  
  14  0:18  Supply Depot  
  14  0:25  SCV  
  15  0:39  SCV  
  15  0:41  Barracks  
  16  0:46  Refinery  
  16  0:53  SCV  
  17  1:06  SCV  
  18  1:18  SCV  
  19  1:30  Reaper  
  20  1:34  SCV  
  20  1:35  Command Center  
  21  1:44  Supply Depot  
  21  1:52  Orbital Command  
  21  2:16  Marine  
  21  2:19  Factory  
  23  2:22  SCV  
  23  2:34  Marine, SCV  
  25  2:43  Barracks  
  25  2:48  Orbital Command  
  25  2:53  Barracks Tech Lab  
  24  3:03  Bunker  
  24  3:04  Bunker, Factory Tech Lab  
  24  3:07  SCV  
  27  3:12  Marauder  
  27  3:15  SCV  
  28  3:25  Widow Mine  
  29  3:33  Marine  
  26  3:40  Marine  
  23  3:51  Marine  
  23  3:58  Marine  
  22  4:09  Marine  
  23  4:18  Supply Depot  
  23  4:20  Marine  
  23  4:21  Widow Mine  
  23  4:27  Marine  
  24  4:43  Supply Depot  
  21  4:57  Orbital Command  
  21  5:03  Orbital Command  
  16  5:42  SCV x2  
  19  5:54  Barracks Reactor, SCV  
  19  5:55  SCV  
  20  6:00  Marine  
  21  6:07  SCV x2  
  23  6:24  Marine  
  23  6:25  SCV x2  
  29  6:37  SCV x2  
  31  6:46  Supply Depot  
Show
View Real Time Build Order
Export as new Build Order

Food Zerg - Winner!

Build Orders: Pool First 

Get SALT Encoding   

  12  0:18  Spawning Pool  
  11  0:22  Drone  
  11  0:26  Extractor  
  11  0:34  Overlord  
  11  1:05  Zergling x6  
  11  1:07  Queen  
  16  1:16  Zergling x2  
  17  1:28  Metabolic Boost  
  17  1:33  Zergling x2  
  18  1:48  Baneling Nest  
  18  1:51  Zergling x2  
  18  1:58  Zergling x2  
  19  2:10  Zergling x2  
  19  2:14  Zergling x2  
  20  2:46  Zergling x4, Overlord  
  22  3:01  Baneling x5  
  22  3:05  Zergling x4  
  22  3:10  Zergling x2  
  24  3:25  Zergling x4  
  24  3:32  Zergling x2  
  25  3:39  Zergling x4  
  26  3:48  Zergling x4  
  27  3:59  Zergling x2  
  26  4:12  Zergling x4  
  25  4:19  Zergling x2  
  25  4:20  Zergling x4  
  22  4:31  Zergling x2  
  21  4:55  Zergling x4  
  23  5:22  Hatchery  
  23  5:24  Zergling x6  
  23  5:32  Baneling  
  23  5:33  Baneling  
  23  5:34  Baneling  
  21  5:57  Baneling x2  
  21  6:04  Drone x2  
  21  6:05  Drone  
  23  6:32  Zergling x6  
Tags
 
Add a new tag
Caveats
  • Supply blocks, unpowered buildings, or Contaminate may cause inaccurate times.
  • Supply counts are checked every 10 seconds.